 Dungeon Crawl Stone Soup version 0.27.1 (webtiles) character file.

Game seed: 8788434467429979971

3941 H0rd4k the Summoner (level 10, -4/68 HPs)
             Began as a Barachi Summoner on Aug 24, 2021.
             Was an Elder of Qazlal.
             Killed from afar by a gargoyle (17 damage)
             ... with a stone arrow
             ... on level 11 of the Dungeon.
             The game lasted 00:33:32 (15682 turns).

H0rd4k the Summoner (Barachi Summoner)             Turns: 15682, Time: 00:33:32

Health: -4/68      AC:  3    Str:  9    XL:     10   Next: 21%
Magic:  3/24       EV: 17    Int: 22    God:    Qazlal [****..]
Gold:   144        SH:  5    Dex: 13    Spells: 26/30 levels left

rFire    . . .     SeeInvis .   f - +0 dagger (elec)
rCold    . . .     Faith    +   (no shield)
rNeg     . . .     Spirit   .   a - +0 robe
rPois    +         Reflect  .   E - +1 hat
rElec    .         Harm     .   e - scarf {repulsion}
rCorr    +         Rampage  .   (no gloves)
Will     +....                  (no boots)
Stlth    +.........             x - amulet of Runoq {Faith Fragile Int+3 Stlth+}
HPRegen  0.21/turn              c - +4 ring of evasion
MPRegen  0.19/turn              T - ring of Vykemut {rPois Will+ rCorr Stlth-}

@: studying Fighting, repel missiles, slow
A: amphibious, slowness 1, strong legs 1, +LOS
a: Hop, Renounce Religion, Upheaval, Elemental Force


You were on level 11 of the Dungeon.
You worshipped Qazlal.
Qazlal was greatly pleased with you.
You visited 2 branches of the dungeon, and saw 12 of its levels.
You visited 1 bazaar.

You collected 769 gold pieces.
You spent 625 gold pieces at shops.

Inventory:

Hand Weapons
 f - a +0 dagger of electrocution (weapon)
 D - a +2 halberd of freezing
 I - a +5 halberd
Missiles
 d - 4 curare-tipped darts
 s - 53 poisoned darts
 L - 14 atropa-tipped darts
Armour
 a - a +0 robe (worn)
 e - a scarf of repulsion (worn)
 E - a +1 hat (worn)
Magical Staves
 H - a staff of poison
Jewellery
 c - a +4 ring of evasion (left hand)
 j - a ring of resist corrosion
 l - an amulet of reflection
 x - the amulet of Runoq (around neck) {Faith Fragile Int+3 Stlth+}
   (You found it on level 5 of the Dungeon)

   [amulet of faith]

   It allows you to gain divine favour quickly.
   Int:       It affects your intelligence (+3).
   Fragile:   It will be destroyed if unequipped.
   Stlth:     It makes you more stealthy.
 z - a ring of positive energy
 T - the ring of Vykemut (right hand) {rPois Will+ rCorr Stlth-}
   (You bought it in a shop in a bazaar)

   [ring of poison resistance]

   rPois:     It protects you from poison.
   rCorr:     It protects you from acid and corrosion.
   Will:      It increases your willpower.
   Stlth:     It makes you less stealthy.
Wands
 o - a wand of flame (15)
 q - a wand of digging (11)
 B - a wand of mindburst (38)
 G - a wand of acid (5)
 N - a wand of paralysis (18)
 O - a wand of iceblast (7)
 P - a wand of charming (13)
Scrolls
 g - 3 scrolls of magic mapping
 i - a scroll of enchant weapon {unknown}
 p - 2 scrolls of teleportation
 t - 2 scrolls of vulnerability {unknown}
 v - a scroll of immolation {unknown}
 y - 2 scrolls of fog {unknown}
 C - a scroll of amnesia {unknown}
 F - 2 scrolls of noise {unknown}
 K - a scroll of blinking {unknown}
 M - a scroll of enchant armour {unknown}
 R - 5 scrolls of identify
 S - a scroll of holy word {unknown}
Potions
 b - 4 potions of heal wounds
 h - a potion of ambrosia {unknown}
 k - 4 potions of lignification
 m - 3 potions of curing
 n - a potion of brilliance {unknown}
 r - 3 potions of flight {unknown}
 u - 2 potions of cancellation {unknown}
 w - 2 potions of attraction {unknown}
 A - a potion of mutation {unknown}
 J - 2 potions of might {unknown}
 Q - a potion of haste {unknown}


   Skills:
 + Level 2.4 Fighting
 + Level 3.4 Dodging
 - Level 1.7 Stealth
 + Level 0.1 Shields
 * Level 10.6 Spellcasting
 * Level 12.0 Summonings


You had 26 spell levels left.
You knew the following spells:

 Your Spells              Type           Power      Damage    Failure   Level
a - Summon Small Mammal   Summ           100%       N/A       1%          1
b - Call Canine Familiar  Summ           59%        N/A       1%          3

Your spell library contained the following spells:

 Spells                   Type           Power      Damage    Failure   Level
 Call Imp                 Summ           59%        N/A       1%          2
 Summon Guardian Golem    Hex/Summ       38%        N/A       1%          3
 Summon Lightning Spire   Summ/Air       38%        N/A       4%          4
 Animate Skeleton         Necr           22%        N/A       5%          1
 Pain                     Necr           44%        1d6       5%          1
 Gell's Gravitas          Tloc           5%         N/A       17%         3
 Lesser Beckoning         Tloc           5%         N/A       17%         3
 Stone Arrow              Conj/Erth      22%        3d8       17%         3
 Teleport Other           Tloc           11%        N/A       17%         3
 Vampiric Draining        Necr           5%         2d6       17%         3
 Bolt of Magma            Conj/Fire/Erth 5%         4d5       83%         5
 Shatter                  Erth           5%         3d8*      100%        9


Dungeon Overview and Level Annotations

Branches:
Dungeon (11/15)            Temple (1/1) D:6            Lair (0/6) D:11
    Orc: D:9-12

Altars:
Ashenzari
Cheibriados
Dithmenos
Elyvilon
Fedhas
Gozag
Hepliaklqana
Kikubaaqudgha
Makhleb
Nemelex Xobeh
Okawaru
Qazlal
Ru
Sif Muna
Trog
Uskayaw
Vehumet
Wu Jian
Xom
Yredelemnul
Zin
The Shining One

Shops:
D:4 *   D:8 !

Portals:
Abyss: D:10

Annotations:
D:2 Sigmund
D:3 exclusion: downstairs
D:5 exclusion: 2 downstairs
D:7 exclusion: downstairs
D:9 2 transporters
D:10 2 transporters, exclusion: downstairs, teukkam's ghost, novice TrFi


Innate Abilities, Weirdness & Mutations

You are amphibious.
You cover ground slowly.
You can hop short distances.
You have an extended range of vision and can be seen from far away.


Message History

t - Croak!
Orders for allies: a - Attack new target. r - Retreat! s - Stop attacking. g - Guard the area. f - Follow me.
Anything else - Cancel.
Guard this area!
The gargoyle hits your warg with a +0 mace!
Your warg bites the gargoyle.
The gargoyle barely misses your warg.
Your warg bites the gargoyle but does no damage.
The gargoyle hurls a stone arrow at you.
The stone arrow hits your warg!!
Your warg dies!
Your warg's corpse disappears in a puff of smoke!
Aiming: Corrosive Bolt
Press: ? - help, Shift-Dir - straight line, f - gargoyle
Aim: a gargoyle, wielding a +0 mace (moderately damaged, 86% to hit)
The bolt of acid hits the gargoyle but does no damage.
The gargoyle is moderately damaged.
The bolt of acid hits the orc!
The orc is splashed with acid.
The acid corrodes the orc!
You kill the orc!
Qazlal accepts your kill.
Aiming: Corrosive Bolt
Press: ? - help, Shift-Dir - straight line, f/p - gargoyle
Aim: a gargoyle, wielding a +0 mace (moderately damaged, 86% to hit)
The bolt of acid hits the gargoyle.
The gargoyle is splashed with acid.
The acid corrodes the gargoyle!
The gargoyle is heavily damaged.
The gargoyle hurls a stone arrow at you.
The stone arrow hits you!!
* * * LOW HITPOINT WARNING * * *
Aiming: Corrosive Bolt
Press: ? - help, Shift-Dir - straight line, f/p - gargoyle
Aim: a gargoyle, wielding a +0 mace (heavily damaged, covered in acid, 86% to hit)
The bolt of acid hits the gargoyle!
The gargoyle is splashed with acid.
The gargoyle seems to be corroded for longer.
The gargoyle is almost destroyed.
The gargoyle hurls a stone arrow at you.
The stone arrow hits you!
You die...

#T# #.# ##.# ..#
...# ##.# .###
##... . #.... $
###.... . ###
#..B... . #@#
### #...... .
#.# #.#
###...... . #9#
#.# #........ .
#.# #.#
#.#...o.# #)#
#.# #.###b###
#.# #.# #.# #.#
#.# #.# #.# #.#
#.####.###.###.#
#.......r.rB○○.#


You could see a gargoyle (corroded).

Vanquished Creatures
  An acid dragon (D:10)
  A lemure (D:8)
  A wyvern zombie (D:8)
  3 killer bees
  2 orc wizards
  A hound skeleton (D:3)
  A gnoll (D:8)
  An orc (D:11)
  2 ball pythons (D:1)
  An endoplasm (D:3)
  A giant cockroach (D:1)
  A quokka (D:1)
16 creatures vanquished.

Vanquished Creatures (collateral kills)
  Pikel (D:7)
  A cyclops (D:6)
  An ugly thing (D:8)
  2 trolls
  A shadow (D:9)
  A yak (D:10)
  A steam dragon (D:8)
  3 acid dragons
  4 water moccasins
  An orc warrior (D:8)
  2 black bears
  4 ogres
  An ice beast (D:7)
  2 wolves (D:11)
  A centaur (D:6)
  A phantom (D:4)
  3 lemures (D:7)
  3 kobold brigands
  A wyvern zombie (D:7)
  2 gnoll sergeants
  A scorpion (D:5)
  A water moccasin zombie (D:6)
  2 wyvern skeletons
  27 wights
  9 killer bees
  A howler monkey (D:5)
  A centaur zombie (D:8)
  2 bullfrog zombies
  A hound (D:5)
  7 orc priests
  2 bullfrog skeletons
  A jelly (D:4)
  2 iguanas
  11 orc wizards
  A killer bee zombie (D:8)
  13 gnolls
  A howler monkey skeleton (D:5)
  8 river rats (D:5)
  6 adders
  2 white imps
  3 dart slugs
  28 orcs
  2 bats
  6 endoplasms
  2 giant cockroaches
  4 goblins
  7 hobgoblins
  A jackal (D:5)
  18 kobolds
  8 quokkas
  5 ball pythons
  4 frilled lizards
  A quokka skeleton (D:4)
  16 rats
240 creatures vanquished.

Grand Total: 256 creatures vanquished

Notes
Turn   | Place    | Note
-------+----------+-------------------------------------------
     0 | D:1      | H0rd4k the Barachi Summoner began the quest for the Orb.
     0 | D:1      | Reached XP level 1. HP: 13/13 MP: 3/3
   383 | D:1      | Reached skill level 5 in Summonings
   803 | D:1      | Reached XP level 2. HP: 19/19 MP: 0/5
  2434 | D:2      | Noticed Sigmund
  2706 | D:2      | Reached XP level 3. HP: 24/24 MP: 1/7
  3125 | D:2      | Learned a level 3 spell: Call Canine Familiar
  3521 | D:3      | Found a faded altar of an unknown god.
  3650 | D:3      | Found an ancient bone altar of Kikubaaqudgha.
  3661 | D:3      | Reached XP level 4. HP: 21/30 MP: 3/8
  3910 | D:3      | Reached skill level 6 in Summonings
  4066 | D:3      | Found a glowing silver altar of Zin.
  4197 | D:3      | Found a shadowy altar of Dithmenos.
  4197 | D:3      | Found a bloodstained altar of Trog.
  4198 | D:3      | Found an ornate altar of the Wu Jian Council.
  4198 | D:3      | Found a hide-covered altar of Uskayaw.
  4204 | D:3      | Found a broken altar of Ashenzari.
  4209 | D:3      | Found a burning altar of Makhleb.
  4628 | D:4      | Reached XP level 5. HP: 35/35 MP: 4/10
  5345 | D:4      | Found Afoe's Assorted Antiques.
  5353 | D:4      | Noticed a phantom
  5374 | D:4      | Killed a phantom
  5530 | D:4      | Noticed a black bear
  5956 | D:4      | Killed a black bear
  5957 | D:4      | Reached skill level 7 in Summonings
  5957 | D:4      | Reached XP level 6. HP: 10/41 MP: 2/12
  6230 | D:5      | Entered Level 5 of the Dungeon
  6807 | D:5      | Reached skill level 5 in Spellcasting
  7089 | D:5      | Identified the amulet of Runoq {Faith Fragile Int+3 Stlth+}
  7645 | D:5      | Reached XP level 7. HP: 46/46 MP: 13/15
  8290 | D:6      | Found a shimmering altar of Xom.
  8484 | D:6      | Found a staircase to the Ecumenical Temple.
  8503 | Temple   | Entered the Ecumenical Temple
  8613 | Temple   | Became a worshipper of Qazlal Stormbringer
  8661 | D:6      | Reached skill level 8 in Summonings
  9190 | D:6      | Noticed a cyclops
  9195 | D:6      | Reached XP level 8. HP: 52/52 MP: 10/17
  9200 | D:6      | Killed a cyclops
  9201 | D:6      | Reached skill level 9 in Summonings
 10278 | D:7      | Reached * piety under Qazlal
 10782 | D:8      | Found Seps's Distillery.
 10988 | D:7      | Reached skill level 10 in Summonings
 10988 | D:7      | Reached XP level 9. HP: 21/58 MP: 7/21
 11249 | D:8      | Found a snail-covered altar of Cheibriados.
 11418 | D:8      | Reached ** piety under Qazlal
 11559 | D:8      | Noticed Pikel
 11562 | D:8      | Noticed a purple ugly thing
 11587 | D:7      | Killed Pikel
 11725 | D:8      | Killed a purple ugly thing
 12516 | D:9      | Reached skill level 11 in Summonings
 13105 | D:9      | Found a blossoming altar of Fedhas.
 13105 | D:9      | Noticed a hornet
 13107 | D:9      | Found a white marble altar of Elyvilon.
 13173 | D:9      | Noticed a troll
 13182 | D:9      | Killed a troll
 13488 | D:9      | Reached skill level 10 in Spellcasting
 13630 | D:9      | Reached *** piety under Qazlal
 13876 | D:9      | Found a transporter.
 13880 | D:9      | Found a transporter.
 13880 | D:9      | Noticed a four-headed hydra
 14058 | D:9      | Found a faded altar of an unknown god.
 14064 | D:9      | Found a hazy altar of Hepliaklqana.
 14179 | D:10     | Entered Level 10 of the Dungeon
 14195 | D:10     | Reached XP level 10. HP: 61/68 MP: 15/24
 14313 | D:10     | Found a one-way gate to the infinite horrors of the Abyss.
 14313 | D:10     | Noticed teukkam's ghost (novice TrFi)
 14314 | D:10     | Noticed a rakshasa
 14325 | D:10     | Found a transporter.
 14340 | D:10     | Noticed a toenail golem
 14340 | D:10     | Noticed a thrashing horror
 14350 | D:10     | Found a transporter.
 14360 | D:10     | Noticed a glowing orange brain
 14361 | D:10     | Noticed a toenail golem
 15195 | D:11     | Found a flickering gateway to a bazaar.
 15199 | Bazaar   | Entered a bazaar
 15199 | Bazaar   | Found Imaewo's Armour Boutique.
 15199 | Bazaar   | Found Etapyam's Distillery.
 15199 | Bazaar   | Found Nilecoh's Antique Weapon Shoppe.
 15200 | Bazaar   | Found Xelemoj's Jewellery Shop.
 15200 | Bazaar   | Found Tisajing's Antique Weapon Emporium.
 15243 | Bazaar   | Bought the ring of Vykemut {rPois Will+ rCorr Stlth-} for
                  | 625 gold pieces
 15263 | D:11     | Noticed a death knight
 15328 | D:11     | Noticed a boulder beetle
 15339 | D:10     | Reached **** piety under Qazlal
 15365 | D:10     | Reached skill level 12 in Summonings
 15623 | D:11     | Found a staircase to the Lair.
 15623 | D:11     | Noticed a cyclops
 15631 | D:11     | Noticed a boulder beetle
 15633 | D:11     | Noticed a gargoyle
 15682 | D:11     | Killed from afar by a gargoyle

Illustrated notes

Levels and vault maps discovered:
D:1:      amcnicky_arrival_blooded_trapdoor, layout_basic
D:2:      layout_loops_ring, uniq_sigmund
D:3:      layout_basic, minmay_overflow_temple_hex,
          nicolae_kikubaaqudgha_miasma_corner, zin_academy,
          ebering_ecumenical_altar_sacrificial
D:4:      layout_basic, serial_shops, kennysheep_mini
D:5:      lemuel_ratsnest, layout_basic, kennysheep_small_circle
D:6:      layout_cave_pools, xom_teletrap_fun, minmay_temple_entry_arrows,
          minmay_manual_mandibuliform
D:7:      layout_rooms
D:8:      layout_cave_pools, cheibriados_altar_1, nicolae_stop_n_shop_2,
          uniq_pikel
D:9:      layout_cave_pools, beargit_hepliaklqana_dungeon_heroes,
          gammafunk_temple_overflow_arena, serial_column_ruins,
          column_ruins_corridor_straight, column_ruins_open_tiny,
          column_ruins_open_small, column_ruins_grid_1, column_ruins_corridor_T
D:10:     layout_roguey, gammafunk_ghost_abyssal_escape
D:11:     minmay_bubble_buster, layout_loops_ring, erik_lair_island,
          orc_david_3, serial_shops, bzr_entry_dummy
Temple:   kb_temple_of_zot

Skill      XL: |  1  2  3  4  5  6  7  8  9 10 |
---------------+-------------------------------+-----
Summonings     | 5 6 7 8 10 11 12 | 12.0
Spellcasting   | 3 4 5 6 8 10 | 10.6
Dodging        | 3 |  3.4
Fighting       | 2 |  2.4
Stealth        | |  1.7
Shields        | |  0.1

Action                   |  1- 3 |  4- 6 |  7- 9 | 10-12 || total
-------------------------+-------+-------+-------+-------++-------
Melee: Unarmed           |     9 |       |       |       ||     9
       Dagger            |    19 |     8 |       |     3 ||    30
 Cast: Summon Small Mamm |   130 |    73 |   228 |    58 ||   489
       Call Canine Famil |       |    45 |    88 |    26 ||   159
 Abil: Hop               |       |     1 |     5 |     2 ||     8
Evoke: Wand              |       |       |     2 |     3 ||     5
  Use: Potion            |       |       |     2 |       ||     2
       Scroll            |       |       |     4 |     2 ||     6
Armor: Robe              |    14 |     8 |    15 |     4 ||    41
Dodge: Dodged            |    69 |    60 |   135 |    57 ||   321
       Repelled          |       |       |     2 |     3 ||     5
Block: Other             |       |       |    18 |    15 ||    33
